 Dungeon Crawl Stone Soup version 0.18.1-48-g4cf74bf (webtiles) character file.

63 Gargoyl the Skirmisher (level 3, -3/29 HPs)
             Began as a Demonspawn Abyssal Knight on Sept 8, 2016.
             Was a Believer of Lugonu.
             Slain by a hobgoblin
             ... wielding a +0 club
             ... led by Robin
              (4 damage)
             ... on level 2 of the Dungeon.
             The game lasted 00:03:24 (1755 turns).

Gargoyl the Skirmisher (Demonspawn Abyssal Knight)  Turns: 1755, Time: 00:03:24

Health: -3/29      AC:  5    Str: 13    XL:     3   Next: 89%
Magic:  4/4        EV: 16    Int: 18    God:    Lugonu [**....]
Gold:   81         SH:  0    Dex: 17    Spells: 0 memorised, 2 levels left

rFire  + . .     SeeInvis .     a - +1 hand axe
rCold  + . .     Gourm    .     h - +0 ring mail
rNeg   . . .     Faith    .     (no shield)
rPois  +         Spirit   .     (no helmet)
rElec  +         Dismiss  .     (no cloak)
rCorr  +         Reflect  .     (no gloves)
SustAt .         Harm     .     (no boots)
MR     .....                    (no amulet)
Stlth  ++........               (no ring)
                                (no ring)

@: brilliant, agile, resistant, not resistant to hostile enchantments,
unstealthy
A: hooves 1
a: Depart the Abyss, Bend Space, Renounce Religion


You were on level 2 of the Dungeon.
You worshipped Lugonu.
Lugonu was pleased with you.
You were not hungry.

You visited 1 branch of the dungeon, and saw 2 of its levels.
You visited the Abyss 1 time.

You collected 81 gold pieces.

Inventory:

Hand Weapons
 a - a +1 hand axe (weapon)
Missiles
 e - 6 javelins (quivered)
Armour
 h - a +0 ring mail (worn)
Scrolls
 d - a scroll of immolation {unknown}
 g - 3 scrolls of identify {unknown}
 i - a scroll of teleportation {unknown}
 j - a scroll of fear {unknown}
 l - a scroll of fog {unknown}
Comestibles
 c - 2 bread rations
 k - a beef jerky
 n - 2 royal jellies
 o - 7 chunks of flesh


   Skills:
 + Level 3.6 Fighting
 + Level 2.2 Axes
 * Level 2.6 Armour
 + Level 1.5 Dodging
 + Level 2.5 Invocations


You had 2 spell levels left.
You didn't know any spells.

Dungeon Overview and Level Annotations

Branches:
Dungeon (2/15)

Altars:

Annotations:
D:2 Robin


Innate Abilities, Weirdness & Mutations

You have large cloven feet.


Message History

It was a potion of brilliance.
You feel clever all of a sudden. Robin barely misses you.
The hobgoblin barely misses you.
Drink which item? (? for menu, Esc to quit)
It was a potion of agility.
You feel agile all of a sudden. Robin hits you but does no damage.
The hobgoblin misses you.
You hit Robin but do no damage. You kick Robin, but do no damage.
Robin is almost dead.
You hit the hobgoblin.
The hobgoblin is lightly wounded.
The hobgoblin hits you with a club.
* * * LOW HITPOINT WARNING * * *
Unknown command.
You barely miss Robin. Your kick misses Robin.
Robin is almost dead.
You barely miss the hobgoblin.
The hobgoblin is lightly wounded.
The hobgoblin hits you with a club.
You die...

#########.#
#.#...#
#.......#.#
#.#....
#..$....#.# #[#
#.......#.#.#.#
#.......#.#.#.#
.........g..#.#
#.......#g###.#
#...?.gg#g###.#
#.....gg#@gg..#
#.....g.#######
#..gg...#
.....g.##
...g.g.


You could see Robin, 2 hobgoblins and 2 goblins.

Vanquished Creatures
  An adder (D:1)
  An ooze (D:1)
  A giant gecko (D:1)
  6 bats (D:1)
  5 giant cockroaches (D:1)
  9 goblins
  5 hobgoblins
  5 jackals (D:1)
  4 kobolds (D:1)
  A giant newt (D:1)
  2 rats (D:1)
40 creatures vanquished.

Notes
Turn   | Place    | Note
--------------------------------------------------------------
     0 | Abyss:1  | Gargoyl the Demonspawn Abyssal Knight began the quest for the Orb.
     0 | Abyss:1  | Reached XP level 1. HP: 18/18 MP: 2/2
   100 | Abyss:1  | Noticed a small abomination
   131 | Abyss:1  | Noticed a wretched star
   131 | Abyss:1  | Noticed a thrashing horror
   135 | Abyss:1  | Noticed a starcursed mass
   137 | D:1      | Escaped the Abyss
   303 | D:1      | Reached * piety under Lugonu
   433 | D:1      | Gained mutation: You have large cloven feet. [demonic ancestry]
   433 | D:1      | Reached XP level 2. HP: 24/24 MP: 3/3
   699 | D:1      | Reached skill level 1 in Dodging
   940 | D:1      | Reached XP level 3. HP: 29/29 MP: 4/4
  1176 | D:2      | Noticed Robin
  1314 | D:1      | Reached ** piety under Lugonu
  1754 | D:2      | HP: 1/29 [hobgoblin/club[Robin] (2)]
  1755 | D:2      | Slain by a hobgoblin

Skill      XL: |  1  2 |
---------------+-------+-----
Axes           | 2 |  2.2
Armour         | 2 |  2.6
Dodging        | 1 |  1.5
Fighting       | |  3.6
Invocations    | |  2.5

Action                   || total
-------------------------++-------
Melee: Hand axe          ||   163
       Kick              ||    32
Invok: Depart the Abyss  ||     1
  Use: Potion            ||     3
  Eat: Chunk             ||     3
Armor: Ring mail         ||    85
       Leather armour    ||     2
Dodge: Dodged            ||   140
